 Dungeon Crawl Stone Soup version 0.29-a0-1019-g84f7d21838 (webtiles) character file.

Game seed: 5495908167353649713

39 bladeefan the Trooper (level 3, 0/34 HPs)
             Began as a Hill Orc Fighter on Aug 10, 2022.
             Slain by Sigmund
             ... wielding a +3 scythe of pain
              (1 damage)
             ... on level 2 of the Dungeon.
             The game lasted 00:02:18 (1243 turns).

bladeefan the Trooper (Hill Orc Fighter)            Turns: 1243, Time: 00:02:19

Health: 0/34       AC:  6    Str: 20    XL:     3   Next: 47%
Magic:  3/3        EV:  9    Int:  8    God:
Gold:   64         SH:  5    Dex: 10    Spells: 2/2 levels left

rFire   . . .      SeeInvis .   a - +1 war axe
rCold   . . .      Faith    .   c - +1 buckler
rNeg    . . .      Spirit   .   b - +0 scale mail
rPois   .          Reflect  .   (no helmet)
rElec   .          Harm     .   (no cloak)
rCorr   .          Rampage  .   (no gloves)
Will    .....                   (no boots)
Stlth   ..........              (no amulet)
HPRegen 0.11/turn               (no ring)
MPRegen 0.08/turn               (no ring)

@: mighty
A: no striking features
a: no special abilities


You were on level 2 of the Dungeon.
You visited 1 branch of the dungeon, and saw 2 of its levels.

You collected 64 gold pieces.

Inventory:

Hand Weapons
 a - a +1 war axe (weapon)
 e - the +5 dagger of Defenestration {pain, Int+5}
   (You found it on level 2 of the Dungeon)

   In the hands of one skilled in necromantic magic, it inflicts extra damage on
   living creatures.
   Int:       It affects your intelligence (+5).
Armour
 b - a +0 scale mail (worn)
 c - a +1 buckler (worn)
Jewellery
 k - a ring of fire
   (You found it on level 2 of the Dungeon)
Scrolls
 f - a scroll of identify {@r1}
 j - a scroll of acquirement {unknown}
Potions
 g - a potion of heal wounds {unknown}
 h - a potion of attraction {unknown}
 i - a potion of curing {unknown}
 l - a potion of mutation {unknown}


   Skills:
 * Level 4.4 Fighting
 + Level 3.2 Axes
 + Level 3.6 Armour
 + Level 3.6 Shields


You had 2 spell levels left.
You didn't know any spells.
Your spell library was empty.

Dungeon Overview and Level Annotations

Branches:
Dungeon (2/15)

Altars:

Annotations:
D:2 Sigmund


Message History

l - an inky potion Key pressed, stopping explore.
Key pressed, stopping explore.
Key pressed, stopping explore.
A kobold comes into view. It is wielding a +0 dagger.
The kobold shouts!
The kobold throws a stone.
The stone misses you.
You see here 6 poisoned darts.
The kobold throws a stone.
The stone hits you but does no damage.
A goblin comes into view. It is wielding a +0 club.
The goblin shouts!
Sigmund the Dreaded comes into view.
He is wielding a +3 scythe of pain.
Sigmund shouts!
The goblin hits you with a +0 club. The kobold hits you with a +0 dagger.
You barely miss the goblin. You closely miss the kobold.
You block the goblin's attack.
Sigmund laughs darkly.
The kobold hits you but does no damage. The kobold hits you with a +0 dagger.
The goblin hits you but does no damage.
You hit the goblin. You hit the kobold but do no damage.
The goblin hits you with a +0 club.
An endoplasm comes into view.
You block the kobold's attack.
You hit the goblin.
You kill the goblin!
You closely miss the kobold. The kobold hits you with a +0 dagger.
Sigmund gestures at you while chanting. The magic dart hits you.
You block the kobold's attack.
Sigmund giggles. "Time to reap what you sow."
You slash the kobold!
You kill the kobold!
A bat comes into view.
Sigmund points at you and mumbles some strange words.
You are confused.
Sigmund hits you from afar with a +3 scythe of pain.
* * * LOW HITPOINT WARNING * * *
You're too confused to move!
You bump into the rock wall.
You feel less confused.
Sigmund hits you from afar with a +3 scythe of pain.
* * * LOW HITPOINT WARNING * * *
You writhe in agony.
* * * LOW HITPOINT WARNING * * *
Found a scroll of enchant weapon.
Unknown command.
You feel very mighty all of a sudden.
Sigmund hits you from afar with a +3 scythe of pain!
* * * LOW HITPOINT WARNING * * *
You writhe in agony.
You die...

#.........
#(###..### ##
#.# #
#b..####.###..#
#.J.).........
....###.)###..#.
. #J@# #
#..###?.###
##.@.......
###.#.#..# ...
####


You could see Sigmund and an endoplasm.

Vanquished Creatures
  A worm (D:2)
  2 dart slugs (D:1)
  A bat (D:1)
  6 endoplasms
  5 hobgoblins
  3 kobolds
  2 quokkas (D:1)
  3 ball pythons
  3 frilled lizards (D:1)
  2 goblins
  A rat (D:2)
29 creatures vanquished.

Notes
Turn   | Place    | Note
-------+----------+-------------------------------------------
     0 | D:1      | bladeefan the Hill Orc Fighter began the quest for the Orb.
     0 | D:1      | Reached XP level 1. HP: 19/19 MP: 1/1
   304 | D:1      | Reached XP level 2. HP: 27/27 MP: 2/2
   395 | D:1      | Reached skill level 4 in Fighting
   604 | D:1      | Reached XP level 3. HP: 33/33 MP: 3/3
   622 | D:1      | Found a faded altar of an unknown god.
   878 | D:2      | Identified the +5 dagger of Defenestration {pain, Int+5}
  1232 | D:2      | Noticed Sigmund
  1243 | D:2      | HP: 1/34 [Sigmund/+3 scythe of pain (7)]
  1243 | D:2      | Slain by Sigmund

Illustrated notes

Levels and vault maps discovered:
D:1:      minmay_arrival_doors, layout_rooms, ebering_ecumenical_altar_box,
          minmay_tetromino_l4
D:2:      layout_loops_ring, minmay_misc_feat_nine_boxes, uniq_sigmund

Skill      XL: |  1  2 |
---------------+-------+-----
Axes           | 3 |  3.2
Fighting       | 4 |  4.4
Armour         | |  3.6
Shields        | |  3.6

Action                   || total
-------------------------++-------
Melee: War axe           ||    86
  Use: Scroll            ||     5
       Potion            ||     1
Armor: Scale mail        ||    36
Dodge: Dodged            ||    34
Block: Buckler           ||    22

Table legend: (Time is in decaauts)
 A = Elapsed time spent in this place.
 B = Non-inter-level travel time spent in this place.
 C = Inter-level travel time spent in this place.
 D = Time resting spent in this place.
 E = Time spent auto-exploring this place.
 F = Levels seen in this place.
 G = Mean time per level.
                   A        B        C        D        E       F      G
               +--------+--------+--------+--------+--------+-----+--------+
         Total |   1276 |   1226 |     50 |      0 |    995 |   2 |  638.0 |
       Dungeon |   1276 |   1226 |     50 |      0 |    995 |   2 |  638.0 |
               +--------+--------+--------+--------+--------+-----+--------+

Top non-repeatable levels by time:
     D:1: 896 daAuts
     D:2: 380 daAuts
